 Dungeon Crawl Stone Soup version 0.29-a0-577-gafbf2c5d25 (webtiles) character file.

Game seed: 7501956038376091079

9 MrDNA the Sneak (level 2, -1/19 HPs)
             Began as an Octopode Brigand on May 3, 2022.
             Slain by a hobgoblin (3 damage)
             ... on level 1 of the Dungeon on June 13, 2022.
             The game lasted 00:01:21 (190 turns).

MrDNA the Sneak (Octopode Brigand)                   Turns: 190, Time: 00:01:21

Health: -1/19      AC:  1    Str: 10    XL:     2   Next: 12%
Magic:  2/2        EV: 12    Int: 13    God:
Gold:   9          SH:  0    Dex: 13    Spells: 1/1 levels left

rFire   . . .      SeeInvis .   a - +2 dagger
rCold   . . .      Faith    .   (no shield)
rNeg    . . .      Spirit   .   (helmet restricted)
rPois   .          Reflect  .   (no amulet)
rElec   .          Harm     .   (no ring)
rCorr   .          Rampage  .   (no ring)
Will    .....                   (no ring)
Stlth   ++++......              (no ring)
HPRegen 0.06/turn               (no ring)
MPRegen 0.08/turn               (no ring)
                                (no ring)
                                (no ring)

@: no status effects
A: almost no armour, amphibious, 8 rings, camouflage 1, gelatinous body 1,
(nimble swimmer 1), tentacles
a: no special abilities


You were on level 1 of the Dungeon.
You visited 1 branch of the dungeon, and saw 1 of its levels.

You collected 9 gold pieces.

Inventory:

Hand Weapons
 a - a +2 dagger (weapon)
Missiles
 b - 8 poisoned darts (quivered)
 c - 3 curare-tipped darts
 e - 25 stones


   Skills:
 - Level 2.0 Fighting
 - Level 2.0 Short Blades
 - Level 2.0 Throwing
 - Level 1.0 Dodging
 + Level 6.1 Stealth


You had one spell level left.
You didn't know any spells.
Your spell library contained the following spells:

 Spells                   Type           Power      Damage    Failure   Level
 Portal Projectile        Hex/Tloc       0%         N/A       67%         3
 Blade Hands              Tmut           0%         N/A       100%        5


Dungeon Overview and Level Annotations

Branches:
Dungeon (1/15)

Altars:


Innate Abilities, Weirdness & Mutations

You cannot wear most types of armour.
You are amphibious.
You can wear up to eight rings at the same time.
Your skin changes colour to match your surroundings (Stealth+).
Your rubbery body absorbs attacks. (AC +1, EV +1)
((You are camouflaged when in or above water. (Stealth+)))
You have tentacles for arms and can constrict up to eight enemies at once.


Message History

The jackal barks! x2
Your grab misses the jackal. The jackal barely misses you.
You hit the jackal. You grab the jackal.
The jackal is lightly wounded.
You constrict the jackal. The jackal misses you.
The jackal struggles to escape constriction.
You hit the jackal but do no damage. You squeeze the jackal.
You kill the jackal!
The jackal barely misses you. The jackal bites you. The jackal misses you.
You miss the jackal. Your grab misses the jackal.
Your squeeze misses the jackal. The jackal bites you. x2
The jackal closely misses you.
You hit the jackal. Your grab misses the jackal.
The jackal is lightly wounded.
The jackal bites you but does no damage.
The jackal barely misses you. The jackal bites you.
The jackal barely misses you.
You hit the jackal. Your grab misses the jackal.
The jackal is moderately wounded.
The jackal misses you. The jackal bites you. The jackal closely misses you.
You hit the jackal but do no damage. You grab the jackal.
You squeeze the jackal.
You kill the jackal!
The jackal pauses to sniff the ground.
The jackal bites you. x2
* * * LOW HITPOINT WARNING * * *
The jackal bites you.
* * * LOW HITPOINT WARNING * * *
Welcome back, MrDNA the Octopode Brigand.
Press ? for a list of commands and other information.
It was a potion of curing.
You feel better. The jackal bites you. The jackal closely misses you.
The jackal bites you. The hobgoblin attacks as you move away!
The hobgoblin hits you.
* * * LOW HITPOINT WARNING * * *
The jackal attacks as you move away! The jackal barely misses you.
The jackal bites you.
* * * LOW HITPOINT WARNING * * *
There is an open door here.
The hobgoblin attacks as you move away! The hobgoblin hits you.
You die...

###.... ##... #... #.## #
########+#####.## #####.
#..............##
......###...............#
.......g#.............#.#
.......h@.............#.#
.......h#.............#..
....#####.............##.
... #.............# . #
#.............# #
#.............#
#.............#
#............
#...........


You could see 2 jackals and a hobgoblin.

Vanquished Creatures
  An endoplasm (D:1)
  A hobgoblin (D:1)
  2 jackals (D:1)
  2 ball pythons (D:1)
  A bat (D:1)
  2 kobolds (D:1)
  2 rats (D:1)
11 creatures vanquished.

Notes
Turn   | Place    | Note
-------+----------+-------------------------------------------
     0 | D:1      | MrDNA the Octopode Brigand began the quest for the Orb.
     0 | D:1      | Reached XP level 1. HP: 14/14 MP: 1/1
    96 | D:1      | Reached XP level 2. HP: 18/19 MP: 2/2
   110 | D:1      | Reached skill level 6 in Stealth
   188 | D:1      | Upgraded the game from 0.29-a0-375-g5102b3be25 to
                  | 0.29-a0-577-gafbf2c5d25
   190 | D:1      | Slain by a hobgoblin

Illustrated notes

Levels and vault maps discovered:
D:1:      eino_arrival_cavern_b, layout_basic,
          shapermc_ecumenical_altar_mp_urbaneastern

Skill      XL: |  1  2 |
---------------+-------+-----
Stealth        | 6 |  6.1
Fighting       | |  2.0
Short Blades   | |  2.0
Throwing       | |  2.0
Dodging        | |  1.0

Action                   || total
-------------------------++-------
Melee: Dagger            ||    17
       Constrict         ||     5
       Tentacles         ||     4
Throw: Dart              ||     4
  Use: Potion            ||     1
Armor: Skin              ||     1
Dodge: Dodged            ||    18

Table legend: (Time is in decaauts)
 A = Elapsed time spent in this place.
 B = Non-inter-level travel time spent in this place.
 C = Inter-level travel time spent in this place.
 D = Time resting spent in this place.
 E = Time spent auto-exploring this place.
 F = Levels seen in this place.
 G = Mean time per level.
                   A        B        C        D        E       F      G
               +--------+--------+--------+--------+--------+-----+--------+
         Total |    187 |    187 |      0 |      0 |    130 |   1 |  187.0 |
       Dungeon |    187 |    187 |      0 |      0 |    130 |   1 |  187.0 |
               +--------+--------+--------+--------+--------+-----+--------+

Top non-repeatable levels by time:
     D:1: 187 daAuts
